 Dungeon Crawl Stone Soup version 0.24-a0-769-g368c1644f8 (webtiles) character file.

Game seed: 4542411325627898807, levelgen mode: deterministic

682 AarnesTheHuman the Digger (level 7, -1/41 HPs)
             Began as a Gargoyle Earth Elementalist on Sept 25, 2019.
             Slain by a sky beast (2 damage)
             ... on level 4 of the Dungeon on Oct 6, 2019.
             The game lasted 00:22:19 (5849 turns).

AarnesTheHuman the Digger (GrEE)                    Turns: 5849, Time: 00:22:19

Health: -1/41      AC:  9    Str: 14    XL:     7   Next: 61%
Magic:  0/12       EV: 12    Int: 15    God:
Gold:   230        SH:  0    Dex: 12    Spells: 2/13 levels left

rFire    + + .     SeeInvis .   e - +0 dagger
rCold    . . .     Gourm    .   (no shield)
rNeg     + . .     Faith    .   z - +0 leather armour
rPois    ∞         Spirit   .   (helmet restricted)
rElec    +         Reflect  .   (no cloak)
rCorr    .         Harm     .   (no gloves)
MR       .....                  k - +0 pair of boots (curse)
Stlth    ++........             (no amulet)
HPRegen  0.13/turn              t - ring of protection from fire
MPRegen  0.13/turn              y - ring of protection from fire

@: no status effects
A: antennae 1, agile 1, negative energy resistance 1, electricity resistance,
unbreathing, petrification resistance, rot immunity, AC +4
a: no special abilities


You were on level 4 of the Dungeon.
You were very hungry.

You visited 1 branch of the dungeon, and saw 5 of its levels.

You collected 230 gold pieces.

Inventory:

Hand Weapons
 a - a +0 club
 e - a +0 dagger (weapon)
 i - a cursed +0 mace
 n - a +2 spear of flaming
Missiles
 b - 30 stones (quivered)
 o - a throwing net
Armour
 c - a +0 robe
 k - a cursed +0 pair of boots (worn)
 r - a +0 pair of boots
 w - a +0 scale mail
 x - a +0 ring mail
 z - a +0 leather armour (worn)
Jewellery
 t - a ring of protection from fire (left hand)
 y - a ring of protection from fire (right hand)
Wands
 B - a wand of disintegration (14)
Scrolls
 g - 4 scrolls of remove curse
 j - 4 scrolls of teleportation
 m - a scroll of enchant armour {unknown}
 u - 2 scrolls of identify
 A - a scroll of magic mapping {unknown}
Potions
 h - a potion of heal wounds {unknown}
 l - a potion of flight
 p - a potion of agility {unknown}
 q - a potion of berserk rage {unknown}
 s - 2 potions of curing {unknown}
Comestibles
 d - 7 rations
 v - 2 chunks of flesh


   Skills:
 + Level 3.5 Fighting
 + Level 3.6 Armour
 - Level 1.6 Dodging
 - Level 2.2 Stealth
 + Level 3.7 Spellcasting
 - Level 2.0 Conjurations
 - Level 0.7 Transmutations
 * Level 6.7 Earth Magic


You had 2 spell levels left.
You knew the following spells:

 Your Spells              Type           Power        Failure   Level  Hunger
a - Sandblast             Erth           ###...       1%          1    None
b - Stone Arrow           Conj/Erth      ###...       11%         3    ###....
c - Passwall              Tmut/Erth      ##......     8%          2    ##.....
d - Lee's Rapid Deconstr  Erth           ###.......   36%         5    ######.

Your spell library contained the following spells:

 Spells                   Type           Power        Failure   Level  Hunger
 Petrify                  Tmut/Erth      ##......     43%         4    ####...


Dungeon Overview and Level Annotations

Branches:
Dungeon (5/15)
 Temple: D:4-7

Altars:
Qazlal
Ru
Sif Muna
Wu Jian
Xom


Innate Abilities, Weirdness & Mutations

You are resistant to torment.
Your stone body is resilient. (AC +4)
You are immune to poison.
You resist negative energy. (rN+)
You are resistant to electric shocks. (rElec)
You can survive without breathing.
You are immune to petrification.
You are immune to rotting.
You have a pair of small antennae on your head.
You are agile. (Dex +2)


Message History

The sky beast is severely wounded.
The sky beast hits you but does no damage.
Casting: Sandblast (safe; 1% risk of failure)
Confirm with . or Enter, or press ? or * to list all spells.
Aiming: Sandblast (safe; 1% risk of failure)
Press: ? - help, Shift-Dir - straight line, f - sky beast
Aim: a sky beast (severely wounded)
The blast of sand hits the sky beast.
The sky beast is severely wounded.
b - 30 stones The sky beast hits you but does no damage.
You closely miss the sky beast.
The sky beast is severely wounded.
The sky beast hits you but does no damage.
You hit the sky beast but do no damage.
The sky beast is severely wounded.
The sky beast hits you.
* * * LOW HITPOINT WARNING * * *
The sky beast shocks you. You resist.
You die...

#############################
#............................
#..........>@................
#..........Y.................
#............................
#............................
##...#..##...###..##...###..#
#####.#########..########..#
#.##>...#...........#...
#.##....#...........#...
#'#####.#...........#...


You could see a sky beast.

Vanquished Creatures
  A necrophage (D:4)
  A howler monkey (D:4)
  A hound (D:4)
  4 orc wizards
  A bullfrog zombie (D:3)
  2 orc priests
  3 worker ants
  A hound skeleton (D:4)
  4 gnolls
  10 adders
  A shadow imp (D:5)
  4 oozes
  3 worms
  15 orcs
  5 bats
  2 giant cockroaches (D:4)
  6 goblins
  6 hobgoblins
  3 ball pythons
  A ball python zombie (D:5)
  5 frilled lizards
  3 kobolds (D:2)
  A leopard gecko zombie (D:5)
  4 rats
87 creatures vanquished.

Notes
Turn   | Place    | Note
-------+----------+-------------------------------------------
     0 | D:1      | AarnesTheHuman the Gargoyle Earth Elementalist began the
                  | quest for the Orb.
     0 | D:1      | Reached XP level 1. HP: 10/10 MP: 3/3
   197 | D:1      | Reached skill level 4 in Earth Magic
   197 | D:1      | Reached XP level 2. HP: 9/16 MP: 1/5
   549 | D:2      | Reached skill level 1 in Fighting
   549 | D:2      | Reached skill level 1 in Armour
   549 | D:2      | Reached XP level 3. HP: 20/20 MP: 1/6
   559 | D:2      | Learned a level 3 spell: Stone Arrow
   813 | D:2      | Reached XP level 4. HP: 14/25 MP: 3/7
  1207 | D:2      | Reached skill level 1 in Conjurations
  1327 | D:2      | Found a shimmering altar of Xom.
  1407 | D:2      | Found a sacrificial altar of Ru.
  1624 | D:2      | Upgraded the game from 0.24-a0-640-ge7cd8ce796 to
                  | 0.24-a0-769-g368c1644f8
  1875 | D:3      | Noticed an orc warrior
  2098 | D:3      | Reached XP level 5. HP: 30/30 MP: 5/9
  2146 | D:3      | Learned a level 2 spell: Passwall
  2479 | D:3      | Reached skill level 5 in Earth Magic
  2594 | D:3      | Found an ornate altar of the Wu Jian Council.
  3090 | D:3      | Found a stormy altar of Qazlal.
  3207 | D:3      | Found a faded altar of an unknown god.
  3491 | D:3      | Reached XP level 6. HP: 34/36 MP: 6/10
  3498 | D:3      | Learned a level 5 spell: Lee's Rapid Deconstruction
  3586 | D:3      | Found a shimmering blue altar of Sif Muna.
  4757 | D:3      | Reached skill level 6 in Earth Magic
  4964 | D:4      | Reached XP level 7. HP: 34/41 MP: 12/12
  5113 | D:5      | Entered Level 5 of the Dungeon
  5841 | D:4      | Gained mutation: You are agile. (Dex +2) [potion of
                  | mutation]
  5841 | D:4      | Gained mutation: You have a pair of small antennae on your
                  | head. [potion of mutation]
  5841 | D:4      | HP: 2/41 [something (1)]
  5849 | D:4      | HP: 1/41 [sky beast (1)]
  5849 | D:4      | Slain by a sky beast

Levels and vault maps discovered:
D:1:      grunt_arrival_lava_bath, layout_rooms
D:2:      layout_basic, nicolae_ru_awakened_eye, marbit_many_paths
D:3:      layout_basic, lemuel_round_altar, lemuel_coloured_pillars_altar,
          lemuel_round_altar, chequers_ecumenical_altar_twisty, first_ration,
          hex_intersection
D:4:      layout_gridville, roderic_serpentine_path, kennysheep_generic_room_5
D:5:      layout_rooms, minmay_temple_entry_tees

Skill      XL: |  1  2  3  4  5  6 |
---------------+-------------------+-----
Earth Magic    | 4 5 6 |  6.7
Fighting       | 1 2 3 |  3.5
Armour         | 1 2 3 |  3.6
Conjurations   | 1 2 |  2.0
Spellcasting   | 3 |  3.7
Dodging        | |  1.6
Stealth        | |  2.2
Transmutations | |  0.7

Action                   |  1- 3 |  4- 6 |  7- 9 || total
-------------------------+-------+-------+-------++-------
Melee: Dagger            |    16 |   139 |   119 ||   274
       Unarmed           |     3 |       |       ||     3
       Club              |     1 |       |       ||     1
 Cast: Sandblast         |    23 |    73 |    10 ||   106
       Stone Arrow       |       |     7 |    19 ||    26
  Use: Scroll            |       |     5 |       ||     5
       Potion            |       |       |     1 ||     1
 Stab: Sleeping          |     2 |     8 |       ||    10
  Eat: Chunk             |       |    13 |     5 ||    18
Armor: Robe              |     5 |    51 |    26 ||    82
       Leather armour    |       |       |    51 ||    51
Dodge: Dodged            |    16 |    77 |    55 ||   148

Table legend:
 A = Non-vault XP
 B = Vault XP
 C = Vault XP percentage of total XP
 D = Non-vault monster count
 E = Vault monster count
 F = Vault count percentage of total count
                 A         B        C        D         E       F
            +---------+---------+-------+---------+---------+-------
      Total |     973 |       2 |   0.2 |      86 |       1 |   1.1
            +---------+---------+-------+---------+---------+-------
        D:1 |      31 |       0 |   0.0 |       8 |       0 |   0.0
        D:2 |      92 |       2 |   2.1 |      20 |       1 |   4.8
        D:3 |     246 |       0 |   0.0 |      23 |       0 |   0.0
        D:4 |     468 |       0 |   0.0 |      23 |       0 |   0.0
        D:5 |     136 |       0 |   0.0 |      12 |       0 |   0.0
            +---------+---------+-------+---------+---------+-------
